 Dungeon Sprint DCSS version 0.30-a0-800-g7c544603b3 (webtiles) character file.

Game seed: 10169123890303291724

1200000 BigDaddyOpFi the Nimble (level 13, -60/102 HPs)
             Began as a Djinni Summoner on Feb 23, 2023.
             Was a Follower of Makhleb.
             Annihilated by a meat berserker
             ... wielding a +9 battleaxe
              (85 damage)
             ... in the Dungeon (Sprint VIII: "Arena of Blood").
             The game lasted 00:00:20 (12 turns).

BigDaddyOpFi the Nimble (Djinni Summoner)             Turns: 12, Time: 00:00:21

Health: -60/102    AC:  3    Str:  7    XL:     13   Next: 64%
Gold:   0          EV: 21    Int: 18    God:    Makhleb [*.....] SH:  0 Dex: 18

rFire   + + .      SeeInvis .    g - +∞ Axe of Woe
rCold   x . .      Faith    .    (shield currently unavailable)
rNeg    . . .      Spirit   .    a - +0 robe
rPois   ∞          Reflect  .    (no helmet)
rElec   .          Harm     .    (no cloak)
rCorr   .          Rampage  .    (no gloves)
Will    +....      NoTele   +    (boots unavailable)
Stlth   +++++                    (no amulet)
HPRegen 0.37/turn                (no ring)
MPRegen 0.00/turn                (no ring)

@: flying
A: sickness immunity, fire resistance 2, cold vulnerability 1, float, innate
caster, HP casting, extra vitality 1
a: Renounce Religion


You were in the Dungeon.
You worshipped Makhleb.
Makhleb was aware of your devotion.
You visited 1 branch

Inventory:

Hand Weapons
 g - the +∞ Axe of Woe (weapon)
   (You found it in the Dungeon)
Armour
 a - a +0 robe (worn)
Scrolls
 f - a scroll of blinking
Potions
 b - a potion of curing
 c - a potion of heal wounds
 d - a potion of haste
 e - a potion of berserk rage


   Skills:
 + Level 12.6 Fighting
 + Level 10.9 Axes
 + Level 12.6 Armour
 + Level 13.8 Dodging
 + Level 11.8 Stealth
 + Level 12.6 Unarmed Combat
 + Level 10.5 Spellcasting
 + Level 12.7 Invocations


You knew the following spells:

 Your Spells              Type           Power      Damage    Failure   Level
a - Summon Small Mammal   Summ           100%       N/A       1%          1
b - Call Imp              Summ           47%        N/A       1%          2
c - Call Canine Familiar  Summ           47%        N/A       1%          3
d - Summon Guardian Gole  Hex/Summ       47%        N/A       1%          3
e - Summon Lightning Spi  Summ/Air       47%        N/A       1%          4
f - Freeze                Ice            100%       1d10      1%          1
g - Searing Ray           Conj           94%        2d7       1%          2
h - Inner Flame           Hex/Fire       47%        N/A       1%          3
i - Ignite Poison         Fire/Tmut/Pois 47%        N/A       1%          3
j - Leda's Liquefaction   Hex/Erth       23%        N/A       1%          4
k - Freezing Cloud        Conj/Ice/Air   23%        6-21      2%          5
Your spell library was empty.

Dungeon Overview and Level Annotations

Branches:
Dungeon (1/1)

Altars:
Makhleb


Innate Abilities, Weirdness & Mutations

You are immune to sickness and miasma.
You are immune to poison.
Your flesh is very heat resistant. (rF++)
You are vulnerable to cold. (rC-)
You float through the air rather than walking.
You learn spells naturally, not from books.
Your magical power is your life essence.
You have superior vitality. (+4 MHP)


Message History

Your Invocations skill gained 2 levels and is now at level 11!
You have reached level 12!
You feel clever.
Unknown command.
The meat berserker shouts!
You slash the meat berserker!
You chop the meat berserker into pieces.
You kill the meat berserker!
Makhleb accepts your kill.
You hear a shout! x6
The meat berserker rages.
You hear a shout!
The meat berserker hits you with a +9 battleaxe!!!
Ouch! That really hurt!
* * * LOW HITPOINT WARNING * * *
You hear a shout!
A bag of meat comes into view. It is wielding a +9 war axe.
You hear a shout!
Your Fighting skill gained 2 levels and is now at level 12!
Your Axes skill increases to level 10!
Your Armour skill gained 2 levels and is now at level 12!
Your Dodging skill gained 2 levels and is now at level 13!
Your Stealth skill increases to level 11!
Your Unarmed Combat skill gained 2 levels and is now at level 12!
Your Spellcasting skill increases to level 10!
Your Invocations skill increases to level 12!
You have reached level 13!
The power to cast Freezing Cloud wells up from within.
Spell assigned to 'k'.
Unknown command.
You slash the meat berserker!
You hew the meat berserker savagely.
You kill the meat berserker!
Makhleb accepts your kill.
You hear a shout! x2
The meat berserker rages.
You hear a shout! x8
A bag of meat comes into view. It is wielding a +9 war axe.
The meat berserker hits you with a +9 battleaxe!!!!
Ouch! That really hurt!
You die...

.. ..... #.
...# #.. ...# .
.###.. ...###..
......###......
.....O_.....
#..)..# #_.@O_#
#..)..#
......_.....
......###......
.###.o ...###..
#o. ...# . #o
...# .. .....


You could see 2 meat berserkers and 3 bags of meat.

Vanquished Creatures
  2 ogres (D)
  2 orcs (D)
4 creatures vanquished.

Notes
Turn   | Place    | Note
-------+----------+-------------------------------------------
     0 | D        | Found the +∞ Axe of Woe
     0 | D        | BigDaddyOpFi the Djinni Summoner began the quest for the
                  | Orb.
     0 | D        | BigDaddyOpFi set off with the following spells memorised:
                  | Summon Small Mammal, Call Imp, Call Canine Familiar, Summon
                  | Guardian Golem, Summon Lightning Spire.
     0 | D        | Reached XP level 1. HP: 15/15 MP: 0/0
     2 | D        | Noticed a bag of meat
     4 | D        | Became a worshipper of Makhleb the Destroyer
     4 | D        | Noticed a bag of meat
     8 | D        | Noticed a meat berserker
     8 | D        | Noticed a meat berserker
     9 | D        | Killed a bag of meat
     9 | D        | Noticed a meat berserker
    10 | D        | Reached skill level 10 in Dodging
    10 | D        | Reached XP level 2. HP: 34/34 MP: 0/0
    10 | D        | Reached XP level 3. HP: 39/39 MP: 0/0
    10 | D        | Learned a level 1 spell: Freeze
    10 | D        | Reached XP level 4. HP: 45/45 MP: 0/0
    10 | D        | Reached XP level 5. HP: 50/50 MP: 0/0
    10 | D        | Learned a level 2 spell: Searing Ray
    10 | D        | Reached XP level 6. HP: 56/56 MP: 0/0
    10 | D        | Reached XP level 7. HP: 61/61 MP: 0/0
    10 | D        | Learned a level 3 spell: Inner Flame
    10 | D        | Reached XP level 8. HP: 67/67 MP: 0/0
    10 | D        | Reached XP level 9. HP: 72/72 MP: 0/0
    10 | D        | Learned a level 3 spell: Ignite Poison
    10 | D        | Reached XP level 10. HP: 78/78 MP: 0/0
    10 | D        | Reached XP level 11. HP: 84/84 MP: 0/0
    10 | D        | Learned a level 4 spell: Leda's Liquefaction
    10 | D        | Killed a bag of meat
    10 | D        | Reached * piety under Makhleb
    10 | D        | Noticed a bag of meat
    11 | D        | Reached skill level 10 in Fighting
    11 | D        | Reached skill level 10 in Armour
    11 | D        | Reached skill level 11 in Dodging
    11 | D        | Reached skill level 10 in Stealth
    11 | D        | Reached skill level 10 in Unarmed Combat
    11 | D        | Reached XP level 12. HP: 93/93 MP: 0/0
    11 | D        | Noticed a meat berserker
    11 | D        | Killed a meat berserker
    11 | D        | Noticed a bag of meat
    12 | D        | Reached skill level 10 in Axes
    12 | D        | Reached skill level 13 in Dodging
    12 | D        | Reached skill level 10 in Spellcasting
    12 | D        | Reached XP level 13. HP: 25/102 MP: 0/0
    12 | D        | Learned a level 5 spell: Freezing Cloud
    12 | D        | Killed a meat berserker
    12 | D        | Noticed a bag of meat
    12 | D        | Annihilated by a meat berserker

Illustrated notes

Levels and vault maps discovered:
D:        meatsprint

Skill      XL: |  1  2  3  4  5  6  7  8  9 10 11 12 |
---------------+-------------------------------------+-----
Fighting       | 9 10 12 | 12.6
Axes           | 8 9 10 | 10.9
Armour         | 9 10 12 | 12.6
Dodging        | 10 11 13 | 13.8
Stealth        | 8 10 11 | 11.8
Unarmed Combat | 9 10 12 | 12.6
Spellcasting   | 8 9 10 | 10.5
Invocations    | 9 11 12 | 12.7

Action                     |  1- 3 |  4- 6 |  7- 9 | 10-12 | 13-15 || total
---------------------------+-------+-------+-------+-------+-------++-------
  Melee: Executioner's axe |     1 |       |       |     2 |     1 ||     4

Table legend: (Time is in decaauts)
 A = Elapsed time spent in this place.
 B = Non-inter-level travel time spent in this place.
 C = Inter-level travel time spent in this place.
 D = Time resting spent in this place.
 E = Time spent auto-exploring this place.
 F = Levels seen in this place.
 G = Mean time per level.
                   A        B        C        D        E       F      G
               +--------+--------+--------+--------+--------+-----+--------+
         Total |     13 |     13 |      0 |      0 |      0 |   1 |   13.0 |
       Dungeon |     13 |     13 |      0 |      0 |      0 |   1 |   13.0 |
               +--------+--------+--------+--------+--------+-----+--------+

Top non-repeatable levels by time:
       D: 13 daAuts
